 Dungeon Crawl Stone Soup version 0.20.1-1-g8b1a95d (webtiles) character file.

32023 HammerPanzer the Bludgeoner (level 13, -6/109 HPs)
             Began as a Demonspawn Berserker on Oct 29, 2017.
             Was a High Priest of Trog.
             Mangled by a large abomination (20 damage)
             ... on level 1 of the Abyss.
             The game lasted 00:54:25 (15011 turns).

HammerPanzer the Bludgeoner (Demonspawn Berserker) Turns: 15011, Time: 00:54:25

Health: -6/109     AC: 20    Str: 24    XL:     13   Next: 29%
Magic:  0/13       EV:  8    Int: 13    God:    Trog [*****.]
Gold:   906        SH:  0    Dex: 13    Spells: 12/12 levels left

rFire    . . .     SeeInvis .   v - +3 dire flail (protect)
rCold    . . .     Gourm    +   (shield currently unavailable)
rNeg     . . .     Faith    .   I - +5 chain mail
rPois    +         Spirit   +   (helmet restricted)
rElec    .         Reflect  .   p - scarf {Spirit}
rCorr    .         Harm     .   (no gloves)
MR       .....     Clarity  +   (no boots)
Stlth    ..........             k - amulet of the gourmand
Regen    0.7/turn               N - +4 ring of intelligence
MPRegen  0.2/turn               O - +2 ring of strength

@: protection aura, berserk cooldown, slowed, drained, very slow
A: antennae 2, claws 1, hooves 2, clarity, demonic guardian 2, deterioration 1,
poison resistance, regeneration 1, screaming 1, evolution 1
a: Berserk, Trog's Hand, Brothers in Arms, Burn Spellbooks, Renounce Religion


You were on level 1 of the Abyss.
You worshipped Trog.
Trog was extremely pleased with you.
You were not hungry.

You visited 2 branches of the dungeon, and saw 15 of its levels.
You visited the Abyss 1 time.
You visited 1 bazaar.

You collected 906 gold pieces.

Inventory:

Hand Weapons
 i - a +4 longbow
 v - a +3 dire flail of protection (weapon)
Missiles
 r - 5 javelins (quivered)
 F - 309 arrows
Armour
 p - a scarf of spirit shield (worn)
 I - a +5 chain mail (worn)
 J - a +0 chain mail of poison resistance
 Q - +0 ice dragon scales
Jewellery
 k - an amulet of the gourmand (around neck)
 n - an uncursed ring of magical power
 L - an uncursed ring of flight
 N - a +4 ring of intelligence (left claw)
 O - a +2 ring of strength (right claw)
Wands
 e - a wand of flame (16/48)
 f - a wand of random effects (21/48)
 s - a wand of enslavement (12/24)
 x - a wand of flame (21/48)
 y - a wand of acid (7/15)
 C - a wand of confusion (5/48)
 E - a wand of random effects (2/48)
 K - a wand of digging (11/24)
 M - a wand of acid (10/15)
Scrolls
 b - a scroll of identify
 h - 7 scrolls of teleportation
 l - 5 scrolls of remove curse
 q - a scroll of blinking
 u - a scroll of enchant armour
Potions
 d - 3 potions of ambrosia
 g - 2 potions of resistance
 m - 3 potions of curing
 o - 3 potions of mutation
 w - 2 potions of agility
 z - 2 potions of brilliance
 A - a potion of flight
 G - a potion of berserk rage
 H - a potion of might {unknown}
Comestibles
 a - 2 fruits
 c - 14 bread rations
 j - 8 meat rations
 t - 4 royal jellies


   Skills:
 + Level 12.6(12.5) Fighting
 * Level 15.7(15.6) Maces & Flails
 + Level 6.7(6.5) Bows
 - Level 1.7(1.6) Armour
 - Level 1.7(1.6) Dodging


You had 12 spell levels left.
You didn't know any spells.

Dungeon Overview and Level Annotations

Branches:
Dungeon (14/15)            Temple (0/1) D:6            Lair (1/6) D:11
    Orc (0/2) D:9
 Vaults: D:13-14

Altars:
Ashenzari
Dithmenos
Elyvilon
Fedhas
Kikubaaqudgha
Nemelex Xobeh
Okawaru
Qazlal
Ru
Trog
Yredelemnul
Zin

Shops:
D:4 [   D:9 =   D:10 %   D:13 :

Annotations:
Lair:1 Sonja


Innate Abilities, Weirdness & Mutations

You have a pair of antennae on your head.
You have sharp fingernails.
You have hoof-like feet.
A demonic guardian rushes to your aid.
You possess an exceptional clarity of mind.
Your body sometimes deteriorates upon taking damage.
Your system is resistant to poisons. (rPois)
Your natural rate of healing is unusually fast.
You occasionally shout uncontrollably at your foes.
You evolve.


Message History

You barely miss the large abomination.
You kick the large abomination, but do no damage.
The large abomination is lightly damaged.
Your orange demon stings the large abomination from afar.
The large abomination hits you!!
* * * LOW HITPOINT WARNING * * *
You closely miss the large abomination.
You kick the large abomination, but do no damage.
The large abomination is lightly damaged.
Your orange demon stings the large abomination but does no damage.
The large abomination hits you but does no damage.
You sock the large abomination!
Your weapon exudes an aura of protection.
The large abomination is moderately damaged.
Your orange demon stings the large abomination from afar.
You feel better. The large abomination hits you.
* * * LOW HITPOINT WARNING * * *
Your orange demon stings the large abomination from afar.
The large abomination hits you!!
You die...

. . .#...
.## ....##
.. . . .
##.##.. .#
..# #
#...... # #
. ...#.#...#
) #.###
...#.#..§#
.#...#
#.....
###...#
#.#...##...#
# #
.##@X#.... #
#..##.###..§
.. #.#.#4#
#.#...
........3#
.# .# ###..
.### # #.#..
. . .#. ##
.... #. ..


You could see a large abomination, a friendly orange demon and a friendly smoke
demon.

Vanquished Creatures
  Rupert (D:12)
  Erolcha (D:11)
  3 hydras
  5 centaur warriors (D:13)
  A two-headed ogre (D:10)
  A soul eater (Abyss:1)
  2 skeletal warriors (D:13)
  2 ugly things
  2 deep elf magi (D:13)
  2 cyclopes (D:13)
  3 centaur zombies
  A smoke demon (Abyss:1)
  A redback zombie (D:13)
  A komodo dragon (D:11)
  2 tengu conjurers (D:13)
  An ice devil (D:13)
  3 trolls
  3 hornets
  2 polar bears (D:13)
  3 hippogriffs
  A slime creature (D:13)
  2 centaur simulacra (D:13)
  A large abomination (Abyss:1)
  9 yaks
  A wyvern (D:13)
  2 humans (D:12)
  4 fire bats (Abyss:1)
  2 hungry ghosts (D:13)
  A water moccasin (D:12)
  Edmund (D:6)
  Duvessa (D:6)
  5 orc warriors
  An eye of draining (D:7)
  2 phantoms
  4 ice beasts
  3 sky beasts
  2 black bears (D:6)
  8 ogres
  A crocodile (D:12)
  8 centaurs
  A small abomination (Abyss:1)
  2 big kobolds
  10 bullfrogs
  A wyvern zombie (D:7)
  Dowan (D:6)
  13 killer bees
  2 scorpions
  A water moccasin skeleton (D:5)
  4 wights
  A howler monkey (D:9)
  An electric eel (D:13)
  A bullfrog zombie (D:11)
  A hound (D:10)
  A quasit (D:9)
  9 crimson imps
  3 jellies
  2 centaur skeletons
  5 orc priests
  4 bullfrog skeletons
  3 iguanas
  12 worker ants
  12 orc wizards
  4 hound zombies
  A hound skeleton (D:6)
  4 gnolls (D:5)
  A howler monkey zombie (D:5)
  8 adders
  5 shadow imps
  2 white imps (D:13)
  3 ufetubi
  An ooze (D:3)
  An adder zombie (D:8)
  An adder skeleton (D:8)
  2 worms
  A dart slug (D:1)
  3 leopard geckos
  45 orcs
  A ball python (D:3)
  2 giant cockroaches
  4 goblins
  9 hobgoblins
  8 jackals
  3 quokkas
  6 bats
  5 frilled lizards
  10 kobolds
  2 quokka skeletons
  6 rats
  A bush (D:11)
  A fungus (D:3)
  A plant (D:11)
330 creatures vanquished.

Vanquished Creatures (collateral kills)
  Frances (D:12)
  A hydra (D:13)
  2 centaur warriors (D:13)
  A death knight (D:13)
  A two-headed ogre (D:8)
  A thrashing horror (Abyss:1)
  The ghost of Ymberto the Thaumaturge, a novice DEFE of Sif Muna (D:9)
  2 ugly things
  An ice devil (D:13)
  2 trolls
  Prince Ribbit (D:6)
  Grinder (D:6)
  A wind drake (shapeshifter) (D:13)
  2 yaks (D:12)
  A hungry ghost (D:13)
  A swamp drake (D:9)
  A water moccasin (D:8)
  2 ice beasts
  2 orc warriors
  2 black bears
  A centaur (D:5)
  A gnoll sergeant (D:5)
  3 killer bees
  A crimson imp (D:13)
  3 orc wizards
  2 worker ants
  A shadow imp (D:13)
  6 orcs
  A giant cockroach (D:8)
46 creatures vanquished.

Grand Total: 376 creatures vanquished

Notes
Turn   | Place    | Note
-------+----------+-------------------------------------------
     0 | D:1      | HammerPanzer the Demonspawn Berserker began the quest for the Orb.
     0 | D:1      | Reached XP level 1. HP: 18/18 MP: 1/1
   180 | D:1      | Reached skill level 3 in Maces & Flails
   182 | D:1      | Gained mutation: You have sharp fingernails. [demonic ancestry]
   182 | D:1      | Reached XP level 2. HP: 24/24 MP: 2/2
   892 | D:2      | Found a stormy altar of Qazlal.
   944 | D:3      | Gained mutation: You have a pair of small antennae on your head. [demonic ancestry]
   944 | D:3      | Reached XP level 3. HP: 26/29 MP: 3/3
  1646 | D:2      | Reached ** piety under Trog
  2144 | D:3      | Reached skill level 4 in Maces & Flails
  2144 | D:3      | Gained mutation: A weak demonic guardian rushes to your aid. [demonic ancestry]
  2144 | D:3      | Reached XP level 4. HP: 37/37 MP: 2/4
  2151 | D:3      | Reached XP level 5. HP: 42/42 MP: 2/5
  2496 | D:4      | Reached skill level 5 in Maces & Flails
  2761 | D:4      | Found Aczuihumn's Antique Armour Shop.
  2778 | D:4      | Gained mutation: You have large cloven feet. [demonic ancestry]
  2778 | D:4      | Reached XP level 6. HP: 49/49 MP: 6/6
  2905 | D:5      | Entered Level 5 of the Dungeon
  3039 | D:4      | Reached *** piety under Trog
  3094 | D:4      | Found a glowing silver altar of Zin.
  3330 | D:5      | Reached skill level 5 in Fighting
  3476 | D:5      | Reached skill level 6 in Maces & Flails
  3608 | D:5      | Found a shattered altar of Ashenzari.
  3676 | D:5      | Gained mutation: A demonic guardian rushes to your aid. [demonic ancestry]
  3676 | D:5      | Reached XP level 7. HP: 56/56 MP: 7/7
  3912 | D:6      | Found an ancient bone altar of Kikubaaqudgha.
  3931 | D:6      | Found a staircase to the Ecumenical Temple.
  4009 | D:6      | Noticed Prince Ribbit
  4013 | D:6      | Killed Prince Ribbit
  4053 | D:6      | Reached skill level 7 in Maces & Flails
  4159 | D:6      | Noticed Duvessa
  4159 | D:6      | Noticed Dowan
  4166 | D:6      | Killed Dowan
  4166 | D:6      | Gained mutation: You have hoof-like feet. [demonic ancestry]
  4166 | D:6      | Reached XP level 8. HP: 64/64 MP: 8/8
  4173 | D:6      | Killed Duvessa
  4376 | D:6      | Reached skill level 8 in Maces & Flails
  4757 | D:6      | Noticed Edmund
  4757 | D:6      | Noticed Grinder
  4771 | D:6      | Killed Edmund
  4780 | D:6      | Killed Grinder
  4780 | D:6      | Reached skill level 9 in Maces & Flails
  4819 | D:6      | Reached XP level 9. HP: 72/72 MP: 9/9
  4885 | D:6      | Reached **** piety under Trog
  5097 | D:7      | Found a white marble altar of Elyvilon.
  5150 | D:7      | You fall through a shaft!
  5150 | D:8      | Noticed a lindwurm
  5157 | D:8      | Noticed a lindwurm
  5481 | D:7      | Reached skill level 10 in Maces & Flails
  6249 | D:8      | Found a shadowy altar of Dithmenos.
  6334 | D:8      | Noticed a lindwurm
  6337 | D:8      | Noticed a lindwurm
  6687 | D:8      | Noticed a two-headed ogre
  6702 | D:8      | Killed a two-headed ogre
  6702 | D:8      | Reached skill level 11 in Maces & Flails
  6702 | D:8      | Reached XP level 10. HP: 83/83 MP: 10/10
  7021 | D:8      | Found a faded altar of an unknown god.
  7021 | D:8      | Found a faded altar of an unknown god.
  7027 | D:8      | Found a bloodstained altar of Trog.
  7029 | D:8      | Found a basalt altar of Yredelemnul.
  7030 | D:8      | Found a sacrificial altar of Ru.
  7548 | D:9      | Reached ***** piety under Trog
  7818 | D:9      | Found a staircase to the Orcish Mines.
  7892 | D:10     | Entered Level 10 of the Dungeon
  8010 | D:9      | Found a sparkling altar of Nemelex Xobeh.
  8066 | D:9      | Noticed Ymberto's ghost (novice DEFE)
  8080 | D:9      | Killed Ymberto's ghost
  8344 | D:9      | Found Hecho's Jewellery Emporium.
  8351 | D:9      | Reached skill level 12 in Maces & Flails
  8950 | D:9      | Reached skill level 10 in Fighting
  9083 | D:10     | Noticed a two-headed ogre
  9089 | D:10     | Killed a two-headed ogre
  9211 | D:10     | Gained mutation: You occasionally shout uncontrollably at your foes. [mutagenic meat]
  9212 | D:10     | Gained mutation: You possess an exceptional clarity of mind. [mutagenic meat]
  9213 | D:10     | Gained mutation: You are weak. (Str -2) [mutagenic meat]
  9214 | D:10     | Gained mutation: Your spells are a little easier to cast, but a little less powerful. [mutagenic meat]
  9216 | D:10     | Gained mutation: Your system is resistant to poisons. (rPois) [mutagenic meat]
  9276 | D:10     | Found Daex's Food Shop.
  9281 | D:10     | Reached XP level 11. HP: 90/91 MP: 11/11
  9578 | D:11     | Noticed Erolcha
  9586 | D:11     | Killed Erolcha
  9665 | D:11     | Received a gift from Trog
  9717 | D:11     | Noticed an eight-headed hydra
  9726 | D:11     | Killed an eight-headed hydra
  9726 | D:11     | Reached skill level 13 in Maces & Flails
  9907 | D:11     | Found a staircase to the Lair.
 10092 | D:12     | Noticed a red ugly thing
 10097 | D:11     | Killed a red ugly thing
 10278 | D:11     | Found a blossoming altar of Fedhas.
 10363 | D:11     | Noticed a purple ugly thing
 10366 | D:11     | Killed a purple ugly thing
 10710 | D:12     | Reached skill level 1 in Bows
 10939 | D:12     | Noticed Rupert
 10949 | D:12     | Killed Rupert
 10955 | D:12     | Noticed an eight-headed hydra
 10970 | D:12     | Killed an eight-headed hydra
 10970 | D:12     | Reached skill level 14 in Maces & Flails
 11108 | D:12     | Found an iron altar of Okawaru.
 11366 | D:12     | Noticed a cyan ugly thing
 11367 | D:12     | Noticed Frances
 11373 | D:12     | Killed a cyan ugly thing
 11392 | D:12     | Killed Frances
 11392 | D:12     | Reached XP level 12. HP: 93/100 MP: 12/12
 12099 | D:13     | Found Xomnirohi's Book Shoppe.
 12768 | D:13     | Received a gift from Trog
 12787 | D:13     | Reached skill level 5 in Bows
 12874 | D:13     | Found a flickering gateway to a bazaar.
 12881 | Bazaar   | Entered a bazaar
 12885 | Bazaar   | Found Teozyete's Jewellery Boutique.
 12903 | Bazaar   | Found Amifracw's Distillery.
 12921 | Bazaar   | Found Nuhin's Magic Scroll Boutique.
 12938 | Bazaar   | Found Zakap's Gadget Emporium.
 12977 | D:13     | Noticed a centaur warrior
 12982 | D:13     | Killed a centaur warrior
 13132 | D:13     | Noticed a centaur warrior
 13141 | D:13     | Killed a centaur warrior
 13196 | D:13     | Noticed a centaur warrior
 13216 | D:13     | Killed a centaur warrior
 13335 | D:13     | Reached skill level 15 in Maces & Flails
 13392 | D:13     | Noticed a death knight
 13400 | D:13     | Killed a death knight
 13556 | D:13     | Noticed a centaur warrior
 13564 | D:13     | Killed a centaur warrior
 14023 | D:13     | Lost mutation: You are weak. (Str -2) [mutagenic meat]
 14024 | D:13     | Gained mutation: You evolve. [mutagenic meat]
 14025 | D:13     | Gained mutation: Your natural rate of healing is unusually fast. [mutagenic meat]
 14026 | D:13     | Gained mutation: Your body sometimes deteriorates upon taking damage. [mutagenic meat]
 14126 | D:13     | Noticed a centaur warrior
 14130 | D:13     | Killed a centaur warrior
 14203 | D:13     | Noticed an eight-headed hydra
 14208 | D:13     | Killed an eight-headed hydra
 14217 | D:13     | Gained mutation: You have a pair of antennae on your head. [demonic ancestry]
 14217 | D:13     | Reached XP level 13. HP: 81/109 MP: 8/13
 14253 | D:13     | Lost mutation: Your spells are a little easier to cast, but a little less powerful. [evolution]
 14532 | D:13     | Received a gift from Trog
 14780 | Lair:1   | Entered Level 1 of the Lair of Beasts
 14806 | Lair:1   | Noticed Sonja
 14820 | Lair:1   | Cast into level 1 of the Abyss (Sonja)
 15008 | Abyss:1  | HP: 3/109 [large abomination (24)]
 15011 | Abyss:1  | Mangled by a large abomination

Skill      XL: |  1  2  3  4  5  6  7  8  9 10 11 12 |
---------------+-------------------------------------+-----
Maces & Flails | 3 4 5 6 7 9 11 12 14 15 | 15.7
Fighting       | 4 5 6 7 9 10 11 12 | 12.6
Bows           | 3 6 |  6.7
Armour         | |  1.7
Dodging        | |  1.7

Action                   |  1- 3 |  4- 6 |  7- 9 | 10-12 | 13-15 || total
-------------------------+-------+-------+-------+-------+-------++-------
Melee: Mace              |   133 |     9 |       |       |       ||   142
       Flail             |       |   126 |   113 |       |       ||   239
       Kick              |       |    12 |    74 |   175 |    26 ||   287
       Dire flail        |       |       |   145 |   550 |    69 ||   764
 Fire: Longbow           |       |       |       |     4 |       ||     4
Throw: Javelin           |       |       |     4 |     3 |     7 ||    14
Invok: Berserk           |     6 |     6 |    10 |    32 |     5 ||    59
       Burn Spellbooks   |       |     1 |       |       |       ||     1
  Use: Scroll            |       |       |       |    23 |       ||    23
       Potion            |       |       |       |     4 |     4 ||     8
 Stab: Sleeping          |     1 |       |       |       |       ||     1
       Distracted        |       |       |     1 |     1 |       ||     2
  Eat: Chunk             |     6 |    17 |    20 |    73 |     3 ||   119
       Bread ration      |     1 |       |       |       |       ||     1
Armor: Animal skin       |     4 |       |       |       |       ||     4
       Ring mail         |    25 |     1 |       |       |       ||    26
       Leather armour    |     5 |       |       |       |       ||     5
       Plate armour      |       |    72 |   161 |    69 |       ||   302
       Chain mail        |       |       |       |   180 |    31 ||   211
       Skin              |       |       |       |       |     5 ||     5
Dodge: Dodged            |   125 |    31 |   107 |   160 |    25 ||   448
